 Dungeon Crawl Stone Soup version 0.31.0-1-g2c135a008e (webtiles) character file.

Game seed: 12690473093509742468

218 qw the Shooter (level 6, 0/46 HPs)
             Began as a Djinni Hunter on Jan 23, 2024.
             Slain by Sigmund
             ... wielding a +3 heavy scythe
              (8 damage)
             ... on level 4 of the Dungeon.
             The game lasted 00:00:10 (2592 turns).

qw the Shooter (Djinni Hunter)                      Turns: 2592, Time: 00:00:10

Health: 0/46       AC: 10    Str: 10    XL:     6   Next: 17%
Gold:   176        EV: 11    Int: 10    God:
                   SH:  9    Dex: 19

rFire   + + +        a - +0 shortbow
rCold   x . .        (shield currently unavailable)
rNeg    + . .        j - +0 ring mail
rPois   inf          (no helmet)
rElec   +            (no cloak)
rCorr   +            c - +2 pair of gloves {infuse}
SInv    .            (boots unavailable)
Will    .....        i - amulet of reflection
Stlth   +            k - ring of resist corrosion
HPRegen 0.27/turn    l - ring of positive energy
MPRegen 0.00/turn

%: reflection, infuse magic (-1 HP)
@: flying
A: sickness immunity, fire resistance 3, cold vulnerability 1, float, innate
caster, HP casting, extra vitality 1, iridescent scales 1, large bone plates 1,
electricity resistance
a: no special abilities


You were on level 4 of the Dungeon.
You visited 1 branch of the dungeon, and saw 4 of its levels.

You collected 176 gold pieces.


Innate Abilities, Weirdness & Mutations

You are immune to sickness and miasma.
You are immune to poison.
Your flesh is almost immune to the effects of heat. (rF+++)
You are vulnerable to cold. (rC-)
You float through the air rather than walking.
You learn spells naturally, not from books.
Your magical power is your life essence.
You have superior vitality. (+4 MHP)
You are partially covered in iridescent scales. (AC +2)
You are partially covered in large bone plates. (SH +4)
You are resistant to electric shocks. (rElec)


   Skills:
 - Level 3.0 Fighting
 - Level 5.2 Ranged Weapons
 - Level 1.1 Armour
 + Level 2.3 Dodging
 - Level 0.7 Stealth


You knew the following spells:

 Your Spells              Type           Power      Damage    Failure   Level
a - Freeze                Ice            0%         1d3       67%         1
b - Call Imp              Summ           0%         N/A       82%         2
Your spell library was empty.

Inventory:

Hand Weapons
 a - a +0 shortbow (weapon)
Armour
 c - a +2 pair of gloves of infusion (worn)
 j - a +0 ring mail (worn)
Jewellery
 i - an amulet of reflection (around neck)
 k - a ring of resist corrosion (left hand)
 l - a ring of positive energy (right hand)
Wands
 d - a wand of digging (5)
 n - a wand of charming (10)
Scrolls
 b - a scroll of identify
 e - a scroll of noise {unknown}
 m - 2 scrolls of teleportation

Dungeon Overview and Level Annotations

Branches:
Dungeon (4/15)
 Temple: D:4-7

Altars:

Shops:
D:2 :

Annotations:
D:4 Sigmund


Message History

Sigmund hits you from afar with a +3 heavy scythe!
Sigmund hits you but does no damage.
You feel less confused. Sigmund closely misses you.
You shoot an arrow. The arrow barely misses Sigmund.
You shoot an arrow.
The arrow hits Sigmund but does no damage.
Sigmund is lightly wounded.
You block Sigmund's attack.
You shoot an arrow.
The arrow hits Sigmund but does no damage.
Sigmund is lightly wounded.
You shoot an arrow. The arrow hits Sigmund.
Sigmund is moderately wounded.
You block Sigmund's attack.
You shoot an arrow. The arrow hits Sigmund.
Sigmund is moderately wounded.
Sigmund casts a spell at you. The magic dart hits you.
You shoot an arrow. The arrow closely misses Sigmund.
You block Sigmund's attack.
You shoot an arrow.
The arrow hits Sigmund but does no damage.
Sigmund is moderately wounded.
You shoot an arrow. The arrow hits Sigmund!
Sigmund is severely wounded.
Sigmund gestures wildly while chanting.
Sigmund flickers and vanishes!
Deactivating autopickup; reactivate with Ctrl-A.
You shoot an arrow. Something hits you but does no damage.
You shoot an arrow. Something hits you.
You shoot an arrow. You shoot an arrow. Something hits you!!
You shoot an arrow. You shoot an arrow. Something hits you!
You die...

..##|...##..#...#
....#)#.######.###
.##...#..........#
..#.......#.#....##
###.....#
.#...#(.##
.....#..#
..###....## .
#....@.#
#.........#
##.#..{....#
#.........#
#.........#
#......#.##
......#### ..#.....


There were no monsters in sight!

Vanquished Creatures
  An ogre (D:4)
  4 gnolls (D:3)
  2 adders (D:2)
  A dart slug (D:1)
  A ribbon worm (D:2)
  5 orcs (D:3)
  6 bats
  8 endoplasms
  A giant cockroach (D:1)
  11 hobgoblins
  2 jackals (D:1)
  5 kobolds
  3 quokkas
  7 ball pythons
  5 frilled lizards
  7 goblins
  3 rats
72 creatures vanquished.

Notes
Turn   | Place    | Note
-------+----------+-------------------------------------------
     0 | D:1      | qw the Djinni Hunter began the quest for the Orb.
     0 | D:1      | Reached XP level 1. HP: 18/18 MP: 0/0
     0 | D:1      | 0 ||| qw: Version: 0.3-a-134-g2ba4250
     0 | D:1      | 0 ||| qw: Game counter: 749
     0 | D:1      | 0 ||| qw: Melee chars always use a shield: true
     0 | D:1      | 0 ||| qw: God list: Okawaru
     0 | D:1      | 0 ||| qw: Allow faded altars: false
     0 | D:1      | 0 ||| qw: Do Orc after clearing Dungeon:15 true
     0 | D:1      | 0 ||| qw: Do second Lair branch before Depths: true
     0 | D:1      | 0 ||| qw: Lair rune preference: random
     0 | D:1      | 0 ||| qw: Goals: Normal
     0 | D:1      | 0 ||| PLANNING D:1-11
   163 | D:1      | Reached XP level 2. HP: 23/23 MP: 0/0
   489 | D:1      | Reached skill level 4 in Ranged Weapons
   489 | D:1      | Reached XP level 3. HP: 28/28 MP: 0/0
   489 | D:1      | Learned a level 1 spell: Freeze
   835 | D:1      | 835 ||| UPGRADING to +0 ring mail.
   845 | D:1      | 845 ||| DROPPING +0 leather armour.
   846 | D:1      | 846 ||| UPGRADING to ring of resist corrosion.
   847 | D:1      | 847 ||| UPGRADING to ring of positive energy.
   848 | D:1      | 848 ||| READING scroll labelled USISEUH VENEAC.
   949 | D:1      | 949 ||| READING scroll labelled AXULOG XIO.
   949 | D:1      | Identified a scroll of acquirement
   949 | D:1      | 949 ||| ACQUIRING +2 pair of gloves of infusion
   949 | D:1      | Acquired a +2 pair of gloves of infusion
   951 | D:1      | 951 ||| UPGRADING to +2 pair of gloves of infusion.
   956 | D:1      | 956 ||| READING scroll labelled JASEEG SAYKLEYF.
   956 | D:1      | 956 ||| IDENTIFYING glowing grey potion
   957 | D:1      | 957 ||| READING scroll labelled IWECAIL KOEF.
  1058 | D:1      | 1058 ||| DROPPING scroll of butterflies.
  1059 | D:1      | 1059 ||| DROPPING potion of magic.
  1121 | D:2      | Found Xuesehen's Book Shoppe.
  1167 | D:2      | Reached skill level 1 in Armour
  1328 | D:2      | Reached XP level 4. HP: 34/34 MP: 0/0
  1473 | D:2      | Reached skill level 3 in Fighting
  1667 | D:2      | 1667 ||| DROPPING scarf of invisibility.
  1668 | D:2      | 1668 ||| UPGRADING to amulet of reflection.
  1673 | D:2      | 1673 ||| READING scroll of identify.
  1673 | D:2      | 1673 ||| IDENTIFYING lumpy blue potion
  1674 | D:2      | 1674 ||| READING scroll labelled ZOIGHU FA JURIUTH.
  1675 | D:2      | 1675 ||| READING scroll labelled GAM CETUALEMIA.
  1676 | D:2      | 1676 ||| READING 3 scrolls labelled HYDALACWUPP.
  1681 | D:2      | 1681 ||| DROPPING potion of berserk rage.
  2059 | D:3      | Reached XP level 5. HP: 25/40 MP: 0/0
  2059 | D:3      | Learned a level 2 spell: Call Imp
  2442 | D:3      | 2442 ||| READING 2 scrolls of identify.
  2442 | D:3      | 2442 ||| IDENTIFYING 2 lumpy grey potions
  2443 | D:3      | 2443 ||| DRINKING 2 potions of mutation.
  2443 | D:3      | Gained mutation: You are robust. (+10% HP) [potion of
                  | mutation]
  2456 | D:3      | 2456 ||| DRINKING potion of mutation.
  2456 | D:3      | Lost mutation: You are robust. (+10% HP) [potion of
                  | mutation]
  2456 | D:3      | Gained mutation: You are partially covered in iridescent
                  | scales. (AC +2) [potion of mutation]
  2456 | D:3      | Gained mutation: You are partially covered in large bone
                  | plates. (SH +4) [potion of mutation]
  2456 | D:3      | Gained mutation: You are resistant to electric shocks.
                  | (rElec) [potion of mutation]
  2456 | D:3      | Gained mutation: Your flesh is almost immune to the effects
                  | of heat. (rF+++) [potion of mutation]
  2479 | D:4      | Noticed an ogre
  2484 | D:4      | Killed an ogre
  2485 | D:4      | Reached skill level 5 in Ranged Weapons
  2485 | D:4      | Reached XP level 6. HP: 46/46 MP: 0/0
  2565 | D:4      | Noticed Sigmund
  2590 | D:4      | HP: 8/46 [something (18)]
  2592 | D:4      | Slain by Sigmund

Levels and vault maps discovered:
D:1:      dpeg_arrival_orchard, layout_basic
D:2:      layout_basic, serial_shops, nicolae_shop_tiny_glass, st_stairs_10,
          minmay_misc_feat_room
D:3:      minmay_wonky_spiral, layout_basic, interstate_on_off
D:4:      layout_cave_pools, mainiacjoe_overflow_cross_hatched,
          gammafunk_temple_overflow_pools, uniq_duvessa, uniq_sigmund

Skill      XL: |  1  2  3  4  5 |
---------------+----------------+-----
Ranged Weapons | 4 5 |  5.2
Armour         | 1 |  1.1
Fighting       | 3 |  3.0
Dodging        | |  2.3
Stealth        | |  0.7

Action                     |  1- 3 |  4- 6 || total
---------------------------+-------+-------++-------
   Fire: Shortbow          |    95 |   146 ||   241
    Use: Scroll            |     4 |     5 ||     9
         Potion            |       |     2 ||     2
 Armour: Ring mail         |     7 |    57 ||    64
         Leather armour    |     5 |       ||     5
  Dodge: Dodged            |    19 |    42 ||    61
  Block: Other             |       |    26 ||    26
         Reflection        |       |     1 ||     1

Table legend:
 A = Non-vault XP
 B = Vault XP
 C = Vault XP percentage of total XP
 D = Non-vault monster count
 E = Vault monster count
 F = Vault count percentage of total count
                 A         B        C        D         E       F
            +---------+---------+-------+---------+---------+-------
      Total |     296 |      16 |   5.1 |      64 |       8 |  11.1
            +---------+---------+-------+---------+---------+-------
        D:1 |      42 |       0 |   0.0 |      25 |       0 |   0.0
        D:2 |      49 |       3 |   5.8 |      15 |       2 |  11.8
        D:3 |      82 |      13 |  13.7 |      18 |       6 |  25.0
        D:4 |     123 |       0 |   0.0 |       6 |       0 |   0.0
            +---------+---------+-------+---------+---------+-------
